 Dungeon Crawl Stone Soup version 0.28.0-53-g5a82cb258f (webtiles) character file.

Game seed: 9891634493421730309

11838 H0rd4k the Slicer (level 12, 0/95 HPs)
             Began as a Human Artificer on June 20, 2022.
             Was an Initiate of Gozag.
             Slain by a centaur warrior (1 damage)
             ... on level 11 of the Dungeon.
             The game lasted 00:19:14 (12797 turns).

H0rd4k the Slicer (Human Artificer)                Turns: 12797, Time: 00:19:14

Health: 0/95       AC: 13    Str: 14    XL:     12   Next: 12%
Magic:  20/20      EV: 15    Int: 15    God:    Gozag
Gold:   1957       SH:  0    Dex: 14    Spells: 21/21 levels left

rFire   . . .      SeeInvis .   E - +3 rapier (venom)
rCold   . . .      Faith    .   (no shield)
rNeg    . . .      Spirit   .   v - +3 leather armour
rPois   .          Reflect  .   y - +0 helmet
rElec   .          Harm     .   h - +0 cloak
rCorr   .          Rampage  .   P - +0 pair of gloves
Will    .....                   (no boots)
Stlth   +.........              w - amulet of regeneration
HPRegen 1.05/turn               o - +4 ring of protection
MPRegen 0.17/turn               G - +4 ring of slaying

@: weak-willed, gold aura
A: no striking features
a: Renounce Religion, Potion Petition, Call Merchant, Bribe Branch


You were on level 11 of the Dungeon.
You worshipped Gozag.
Gozag was most pleased with you.
You visited 2 branches of the dungeon, and saw 12 of its levels.
You also visited: Sewer.

You collected 2382 gold pieces.
You paid 425 gold pieces to Gozag.

Inventory:

Hand Weapons
 g - a +1 rapier of draining
 E - a +3 rapier of venom (weapon)
 H - a +4 scimitar
Missiles
 F - a throwing net
Armour
 h - a +0 cloak (worn)
 v - a +3 leather armour (worn)
 y - a +0 helmet (worn)
 B - a +2 robe of positive energy
 P - a +0 pair of gloves (worn)
Jewellery
 o - a +4 ring of protection (left hand)
 w - an amulet of regeneration (around neck)
 D - a ring of willpower
 G - a +4 ring of slaying (right hand)
 L - a +4 ring of evasion
 T - a ring of ice
Wands
 c - a wand of flame (49) (quivered)
 d - a wand of charming (10)
 A - a wand of iceblast (1)
 M - a wand of digging (2)
Scrolls
 a - 2 scrolls of brand weapon {unknown}
 b - 2 scrolls of holy word {unknown}
 i - 3 scrolls of noise {unknown}
 k - 3 scrolls of fear {unknown}
 l - a scroll of acquirement {unknown}
 q - 2 scrolls of teleportation {unknown}
 z - a scroll of torment {unknown}
 C - 2 scrolls of magic mapping {unknown}
 J - a scroll of enchant armour {unknown}
 K - 2 scrolls of fog {unknown}
 O - a scroll of vulnerability
 Q - a scroll of silence {unknown}
Potions
 f - 2 potions of ambrosia
 j - 2 potions of brilliance
 m - 3 potions of mutation
 n - 4 potions of curing
 p - a potion of resistance {unknown}
 r - 4 potions of cancellation
 s - 2 potions of experience
 t - a potion of haste {unknown}
 u - 3 potions of might
 x - 2 potions of magic {unknown}
 I - a potion of lignification {unknown}
 N - a potion of heal wounds {unknown}
 R - 2 potions of attraction {unknown}
Miscellaneous
 e - a piece from Xom's chessboard (15/15)
 S - a condenser vane (inert)


   Skills:
 + Level 9.3 Fighting
 - Level 12.0 Short Blades
 + Level 1.1 Maces & Flails
 - Level 2.0 Armour
 - Level 7.5 Dodging
 - Level 1.0 Stealth
 * Level 5.3 Spellcasting
 + Level 5.3 Evocations


You had 21 spell levels left.
You didn't know any spells.
Your spell library contained the following spells:

 Spells                   Type           Power      Damage    Failure   Level
 Beastly Appendage        Tmut           8%         N/A       19%         1
 Freeze                   Ice            16%        1d4       19%         1
 Sting                    Tmut/Pois      16%        1d3       19%         1
 Poisonous Vapours        Pois/Air       8%         N/A       28%         2
 Wereblood                Tmut           4%         N/A       28%         2
 Frozen Ramparts          Ice            8%         1d2       50%         3
 Ignite Poison            Fire/Tmut/Pois 4%         N/A       50%         3
 Mephitic Cloud           Conj/Pois/Air  4%         N/A       50%         3
 Spider Form              Tmut/Pois      4%         N/A       50%         3
 Tukima's Dance           Hex            4%         N/A       50%         3
 Animate Dead             Necr           2%         N/A       88%         4
 Hailstorm                Conj/Ice       4%         3d4       88%         4
 Olgreb's Toxic Radiance  Pois           4%         N/A       88%         4
 Passage of Golubria      Tloc           4%         N/A       88%         4
 Freezing Cloud           Conj/Ice/Air   2%         6-21      99%         5
 Yara's Violent Unravell  Hex/Tmut       2%         3d3       99%         5
 Haunt                    Necr/Summ      2%         N/A       100%        7
 Infestation              Necr           2%         N/A       100%        8


Dungeon Overview and Level Annotations

Branches:
Dungeon (11/15)            Temple (1/1) D:4            Lair (0/6) D:10
    Orc (0/2) D:11          Sewer (visited)

Altars:
Ashenzari
Cheibriados
Dithmenos
Elyvilon
Fedhas
Gozag
Hepliaklqana
Kikubaaqudgha
Makhleb
Nemelex Xobeh
Okawaru
Qazlal
Ru
Sif Muna
Trog
Uskayaw
Vehumet
Wu Jian
Xom
Yredelemnul
Zin
The Shining One
Beogh

Shops:
D:8 *

Annotations:
D:4 exclusion: necrophage
D:7 exclusion: downstairs
D:8 3 runed translucent doors, exclusion: 3 doors, Gabide's ghost, novice BaHu
D:11 3 runed translucent doors, exclusion: 3 doors, hitsuchi's ghost, journeyman DgFE


Message History

Okay, then.
Okay, then.
Unknown command.
Saving game... please wait.
Level annotation: 3 runed translucent doors, exclusion: 3 doors, hitsuchi's ghost, journeyman DgFE Welcome back, H0rd4k the Human Artificer.
Gozag says: Greed is good.
Press ? for a list of commands and other information.
As you read the scroll labelled FUCRI OCZISORILO, it crumbles to dust.
Magic quickly surges around you.
It was a scroll of vulnerability.
The centaur warrior shoots an arrow.
The arrow hits you!
* * * LOW HITPOINT WARNING * * *
The arrow freezes you.
* * * LOW HITPOINT WARNING * * *
The centaur warrior shoots an arrow.
The arrow hits you!!
* * * LOW HITPOINT WARNING * * *
Unknown command.
Okay, then.
Unknown command.
Okay, then.
Unknown command.
Okay, then.
Unknown command. [a] - 400 gold - heal wounds, magic and curing [b] - 672 gold - resistance, might and haste [c] - 384 gold - heal wounds, curing and magic Purchase which effect?
You feel much better.
You feel better. Magic courses through your body.
The centaur warrior shoots an arrow.
The arrow hits you!!
* * * LOW HITPOINT WARNING * * *
The arrow freezes you.
* * * LOW HITPOINT WARNING * * *
A boulder beetle comes into view.
The centaur warrior shoots an arrow.
The arrow barely misses you.
The centaur warrior unwields a +0 longbow.
The centaur warrior hits you.
* * * LOW HITPOINT WARNING * * *
The centaur warrior kicks you.
You die...
Your body crumbles into a pile of gold.

<....................
...................#
...................##
..)..................
#............#####...
#))..........# ###
##...........# B.#
#............####c.#
#.#..........#..@#
..##.#..##.......#
..<.....##...#...#
..#.##.###...####..#
####### ..#.#........#
c.# #....)#
.......#.....# ###
#..)..#
...#...#.....#####..
#.._..#
...##.................
#.))).#
.........#...........
#.).).#


You could see a boulder beetle and 2 centaur warriors.

Vanquished Creatures
  A hydra (D:9)
  A two-headed ogre (D:8)
  Urug (D:10)
  Pikel (D:5)
  A manticore (D:11)
  A troll (D:11)
  3 slime creatures (D:10)
  2 shadows
  A wyvern (D:8)
  A wraith (D:9)
  Eustachio (D:6)
  20 yaks
  4 vampire mosquitoes (D:6)
  An acid dragon (D:10)
  A water moccasin (D:8)
  5 orc warriors
  A sky beast (D:6)
  An ice beast (D:5)
  5 ogres
  5 centaurs
  5 kobold brigands
  2 bullfrogs
  2 wyvern zombies
  7 scorpions
  7 killer bees (D:9)
  5 wights (D:7)
  A howler monkey (D:9)
  2 jellies (D:5)
  A centaur zombie (D:9)
  2 hounds
  3 orc priests
  10 orc wizards
  A killer bee zombie (D:6)
  4 gnolls (D:5)
  A howler monkey zombie (D:8)
  8 adders
  A howler monkey skeleton (D:3)
  A white imp (D:7)
  An adder skeleton (D:4)
  7 worms
  6 dart slugs
  39 orcs
  3 endoplasms
  5 giant cockroaches
  30 goblins
  29 hobgoblins
  2 jackals (D:1)
  26 kobolds
  5 quokkas
  10 ball pythons
  8 bats
  A frilled lizard (Sewer)
  14 rats
306 creatures vanquished.

Vanquished Creatures (collateral kills)
  Prince Ribbit (D:6)
  Sigmund (D:4)
  An adder (D:6)
  2 orcs
5 creatures vanquished.

Vanquished Creatures (others)
  A slime creature (D:10)
  A human (D:8)
  A kobold brigand (Sewer)
  5 plants
8 creatures vanquished.

Grand Total: 319 creatures vanquished

Notes
Turn   | Place    | Note
-------+----------+-------------------------------------------
     0 | D:1      | H0rd4k the Human Artificer began the quest for the Orb.
     0 | D:1      | Reached XP level 1. HP: 15/15 MP: 1/1
   417 | D:1      | Reached XP level 2. HP: 8/21 MP: 2/2
  1442 | D:2      | Reached XP level 3. HP: 25/26 MP: 3/3
  2059 | D:2      | Reached XP level 4. HP: 32/32 MP: 4/4
  2446 | D:3      | Reached skill level 1 in Short Blades
  2505 | D:3      | Reached skill level 1 in Maces & Flails
  3010 | D:3      | Reached XP level 5. HP: 36/38 MP: 5/5
  3038 | D:3      | Found a shimmering altar of Xom.
  3064 | D:3      | Reached skill level 2 in Short Blades
  3724 | D:3      | Found a stormy altar of Qazlal.
  3883 | D:4      | Noticed Sigmund
  3899 | D:4      | Killed Sigmund
  3900 | D:4      | Reached skill level 3 in Short Blades
  3900 | D:4      | Reached XP level 6. HP: 34/46 MP: 6/6
  3917 | D:4      | Noticed a necrophage
  3937 | D:4      | Reached skill level 4 in Short Blades
  4054 | D:4      | Found a burning altar of Makhleb.
  4059 | D:4      | Found a glowing drain.
  4080 | D:4      | Reached XP level 7. HP: 42/51 MP: 7/7
  4087 | Sewer    | Entered a sewer
  4276 | Sewer    | Reached skill level 5 in Short Blades
  4754 | D:4      | Found a white marble altar of Elyvilon.
  4812 | D:4      | Found a staircase to the Ecumenical Temple.
  4881 | Temple   | Entered the Ecumenical Temple
  4962 | Temple   | Became a worshipper of Gozag Ym Sagoz the Greedy
  5249 | D:5      | Entered Level 5 of the Dungeon
  5308 | D:5      | Reached XP level 8. HP: 60/60 MP: 8/8
  5345 | D:5      | Noticed a +0 hand axe
  5347 | D:5      | Noticed a +0 dagger
  5354 | D:5      | Found a hide-covered altar of Uskayaw.
  5479 | D:5      | Reached skill level 6 in Short Blades
  5535 | D:5      | Noticed Pikel
  5570 | D:5      | Killed Pikel
  5571 | D:5      | Reached skill level 7 in Short Blades
  5695 | D:5      | Reached XP level 9. HP: 60/66 MP: 9/9
  6093 | D:5      | Reached skill level 5 in Dodging
  6102 | D:5      | Reached skill level 5 in Fighting
  6102 | D:5      | Reached skill level 8 in Short Blades
  7435 | D:6      | Noticed Prince Ribbit
  7457 | D:6      | Killed Prince Ribbit
  7555 | D:6      | Reached skill level 9 in Short Blades
  7799 | D:6      | Noticed Eustachio
  7839 | D:6      | Killed Eustachio
  7945 | D:6      | Reached XP level 10. HP: 64/76 MP: 10/10
  8234 | D:6      | Found a hazy altar of Hepliaklqana.
  8569 | D:7      | Reached skill level 10 in Short Blades
  9247 | D:8      | Noticed a two-headed ogre
  9326 | D:8      | Found Miakhlimu's Elemental Accessories.
  9341 | D:8      | Found a runed translucent gate.
  9341 | D:8      | Found a runed translucent gate.
  9342 | D:8      | Found a runed translucent gate.
  9539 | D:8      | Reached skill level 1 in Spellcasting
  9844 | D:8      | Found an ancient bone altar of Kikubaaqudgha.
  9904 | D:8      | Found a shimmering blue altar of Sif Muna.
  9992 | D:8      | Killed a two-headed ogre
  9993 | D:8      | Reached skill level 11 in Short Blades
  9993 | D:8      | Reached XP level 11. HP: 84/84 MP: 12/14
 10032 | D:8      | Found a broken altar of Ashenzari.
 10518 | D:8      | Noticed Gabide's ghost (novice BaHu)
 10837 | D:9      | Noticed an eight-headed hydra
 10841 | D:9      | Killed an eight-headed hydra
 11181 | D:9      | Reached skill level 5 in Evocations
 11202 | D:9      | Found a radiant altar of Vehumet.
 11665 | D:10     | Entered Level 10 of the Dungeon
 11675 | D:10     | Reached skill level 12 in Short Blades
 11732 | D:10     | Found a staircase to the Lair.
 11873 | D:10     | Noticed Urug
 11917 | D:10     | Killed Urug
 12503 | D:11     | Found a runed translucent gate.
 12503 | D:11     | Found a runed translucent gate.
 12503 | D:11     | Found a runed translucent gate.
 12506 | D:11     | Noticed hitsuchi's ghost (journeyman DgFE)
 12508 | D:11     | Identified the +5 plate armour of Zuhaets {Stlth+}
 12524 | D:11     | Reached XP level 12. HP: 92/94 MP: 19/19
 12558 | D:11     | Reached skill level 5 in Spellcasting
 12579 | D:11     | Found a staircase to the Orcish Mines.
 12794 | D:11     | Noticed a centaur warrior
 12794 | D:11     | Noticed a centaur warrior
 12796 | D:11     | HP: 1/95 [centaur warrior/arrow (19)]
 12797 | D:11     | Noticed a boulder beetle
 12797 | D:11     | Slain by a centaur warrior

Illustrated notes

Levels and vault maps discovered:
D:1:      dpeg_arrival_rooms_a, layout_basic
D:2:      layout_basic, minmay_randomly_rotated_circles
D:3:      layout_loops_ring, mainiacjoe_overflow_alcove_4,
          mainiacjoe_overflow_alcove_2, grunt_ministairs_6, nicolae_wormholes
D:4:      layout_gridville, mainiacjoe_overflow_catwalk,
          nicolae_elyvilon_peaceful_grove, minmay_temple_entry_offerings,
          portal_sewer_entry_f, uniq_sigmund
D:5:      minmay_goblin_kobold_castle, layout_gridville,
          dancing_weapons_uskayaw, hangedman_abyss_or_decor_lesser_grid,
          grunt_ministairs_6, uniq_pikel
D:6:      layout_basic, mainiacjoe_overflow_tiny_flanked, uniq_prince_ribbit1,
          uniq_eustachio
D:7:      layout_basic
D:8:      layout_loops_corners, tgw_kikubaaqudgha, led_sif_book,
          mainiacjoe_overflow_chevrons, gammafunk_ghost_necromancy,
          nicolae_elemental_shop
D:9:      layout_roguey, nicolae_vehumet_altar_sigil, st_stairs_11
D:10:     layout_basic, lair_entry_dummy, uniq_urug
D:11:     minmay_blocky_corners, layout_cave_pools,
          minmay_orc_entry_temple_small, biasface_ghost_orc_armoury
Temple:   nicolae_temple_x_marks_the_god

Skill      XL: |  1  2  3  4  5  6  7  8  9 10 11 12 |
---------------+-------------------------------------+-----
Evocations     | 4 5 |  5.3
Short Blades   | 1 3 4 5 7 9 11 12 | 12.0
Maces & Flails | 1 |  1.1
Fighting       | 2 3 4 5 7 8 9 |  9.3
Dodging        | 2 3 4 5 7 |  7.5
Spellcasting   | 2 4 5 |  5.3
Armour         | |  2.0
Stealth        | |  1.0

Action                   |  1- 3 |  4- 6 |  7- 9 | 10-12 || total
-------------------------+-------+-------+-------+-------++-------
Melee: Club              |    28 |       |       |       ||    28
       Punch             |     1 |     2 |     5 |     8 ||    16
       Rapier            |    47 |   144 |   464 |   525 ||  1180
Invok: Potion Petition   |       |       |       |     1 ||     1
Evoke: Wand              |       |     2 |     2 |    14 ||    18
       Condenser vane    |       |       |       |     1 ||     1
  Use: Scroll            |       |       |       |     8 ||     8
 Stab: Sleeping          |     2 |     5 |     1 |     1 ||     9
       Distracted        |       |       |     3 |     5 ||     8
Armor: Leather armour    |    17 |    42 |   189 |   117 ||   365
Dodge: Dodged            |    44 |    70 |   313 |   223 ||   650
